 Dungeon Crawl Stone Soup version 0.19.1-1-g22dce08 (webtiles) character file.

24 dalore the Skirmisher (level 2, 0/27 HPs)
             Began as a Minotaur Berserker on Jan 2, 2017.
             Was a Follower of Trog.
             Succumbed to a kobold's poison
             ... on level 2 of the Dungeon.
             The game lasted 00:02:41 (1147 turns).

dalore the Skirmisher (Minotaur Berserker)          Turns: 1147, Time: 00:02:41

Health: 0/27       AC:  2    Str: 19    XL:     2   Next: 79%
Magic:  1/1        EV: 12    Int:  6    God:    Trog [*.....]
Gold:   20         SH:  0    Dex:  9    Spells: 0 memorised, 1 level left

rFire  . . .     SeeInvis .     a - +0 mace
rCold  . . .     Gourm    .     b - +0 animal skin
rNeg   . . .     Faith    .     (no shield)
rPois  .         Spirit   .     (helmet restricted)
rElec  .         Reflect  .     (no cloak)
rCorr  .         Harm     .     (no gloves)
MR     .....                    (no boots)
Stlth  +.........               (no amulet)
                                (no ring)
                                (no ring)

@: lethally poisoned (0 -> -12), exhausted, slowed, very slow
A: retaliatory headbutt, horns 2, clever 1, sense surroundings 1, weak 1
a: Berserk, Burn Spellbooks, Renounce Religion


You were on level 2 of the Dungeon.
You worshipped Trog.
Trog was aware of your devotion.
You were not hungry.

You visited 1 branch of the dungeon, and saw 3 of its levels.

You collected 20 gold pieces.

Inventory:

Hand Weapons
 a - a +0 mace (weapon)
Armour
 b - a +0 animal skin (worn)
Jewellery
 j - an uncursed ring of stealth {unknown}
   (You found it on level 1 of the Dungeon)
 k - an uncursed ring of protection from cold {unknown}
   (You found it on level 1 of the Dungeon)
Scrolls
 g - a scroll of amnesia {unknown}
 l - a scroll of enchant armour {unknown}
 m - 3 scrolls of identify {unknown}
 n - a scroll of remove curse {unknown}
 p - a scroll of recharging {unknown}
Potions
 e - a potion of heal wounds {unknown}
 h - a potion of haste {unknown}
Comestibles
 c - a bread ration {@e1}
 f - a meat ration {@e2}
 i - a beef jerky
 o - a chunk of flesh {@w0}


   Skills:
 + Level 4.1 Fighting
 + Level 4.1 Maces & Flails
 + Level 2.7 Armour
 + Level 2.5 Dodging


You had one spell level left.
You didn't know any spells.

Dungeon Overview and Level Annotations

Branches:
Dungeon (3/15)

Altars:


Innate Abilities, Weirdness & Mutations

You reflexively headbutt those who attack you in melee.
You have a pair of horns on your head.
Your mind is acute. (Int +2)
You passively map a small area around you.
You are weak. (Str -2)


Message History

You feel less exhausted.
Things that are here:
a dagger; a goblin corpse
There is a stone staircase leading up here.
p - a scroll labeled MUOWYI ROIGAOM A frilled lizard comes into view.
The frilled lizard hisses angrily.
The frilled lizard closely misses you.
You hit the frilled lizard.
You kill the frilled lizard!
Trog accepts your kill.
You open the door.
There is an open door here.
You now have 20 gold pieces (gained 11).
There is an open door here.
You open the large door.
Found a stone staircase leading down.
Health restored: 27 A kobold comes into view.
It is wielding a short sword of venom.
The kobold shouts!
The kobold throws a stone.
The stone hits you but does no damage.
There is a large open door here.
You see here a stone.
The kobold throws a stone.
The stone hits you.
There is a large open door here.
You take 3 damage, and have 24/27 hp.
The kobold throws a stone.
The stone misses you.
You barely miss the kobold. The kobold closely misses you.
You hit the kobold. The kobold hits you but does no damage.
The kobold hits you with a short sword of venom!
You are poisoned.
You take 7 damage, and have 17/27 hp.
MASSIVE DAMAGE!!
You miss the kobold.
You feel sick. The kobold misses you.
You take 1 damage, and have 16/27 hp.
You barely miss the kobold.
You feel sick. The kobold barely misses you.
You take 1 damage, and have 15/27 hp.
Unknown command.
You closely miss the kobold.
You feel sick. The kobold hits you but does no damage.
You are lethally poisoned!
You take 1 damage, and have 14/27 hp.
You barely miss the kobold. Your headbutt misses the kobold.
You feel sick.
The kobold hits you with a short sword of venom.
You are more poisoned.
You take 3 damage, and have 11/27 hp.
A red film seems to cover your vision as you go berserk!
You feel yourself moving faster!
You feel mighty!
You are feeling very hungry.
You feel sick. The kobold barely misses you.
You now have 14/40 hp.
You hit the kobold.
You kill the kobold!
Trog accepts your kill.
You feel sick.
You take 1 damage, and have 13/40 hp.
* * * LOW HITPOINT WARNING * * *
You feel sick.
Things that are here:
a short sword of venom; a kobold corpse You take 1 damage, and have 12/40 hp.
You feel a strong urge to attack something.
* * * LOW HITPOINT WARNING * * *
You feel sick.
There is a stone staircase leading down here.
You take 1 damage, and have 11/40 hp.
* * * LOW HITPOINT WARNING * * *
You feel sick.
You climb downwards.
You feel your anger subside.
* * * LOW HITPOINT WARNING * * *
You feel sick.
There is a stone staircase leading up here.
You take 2 damage, and have 9/40 hp.
You are no longer berserk.
You are exhausted.
You feel yourself slow down.
* * * LOW HITPOINT WARNING * * *
You feel sick.
You climb upwards.
* * * LOW HITPOINT WARNING * * *
You feel very sick.
There is a stone staircase leading down here.
You now have 3/27 hp.
Autoeating chunks.
Eat one of 2 chunks of flesh {@w0}? (ye/n/q)
Okay, then.
Autoeating chunks.
Eat one of 2 chunks of flesh {@w0}? (ye/n/q)
You start eating one of the 2 chunks of flesh {@w0}.
* * * LOW HITPOINT WARNING * * *
You feel sick.
You take 1 damage, and have 2/27 hp.
There is a lethal amount of poison in your body!
There is a lethal amount of poison in your body!
It was a potion of mutation.
You feel extremely strange.
You feel clever.
You feel weaker.
You feel a strange attunement to the structure of the dungeons.
You die...

#. ≈ #.# ,, ≈ 8, 8 #.###
, ,+...# ,,, , +...# , ≈
, ≈ #...# , ≈ ≈≈ #...# *
* , #.).# * ,
*#++####@..+, , ,*
).........#* , ,**
#######'###
.##########(###########
,
*.......................
*#.......(....########
#............# *
#............# *, ,
####....#'####


There were no monsters in sight!

Vanquished Creatures
  2 leopard geckos (D:1)
  A ball python (D:2)
  3 bats (D:1)
  3 giant cockroaches (D:1)
  5 goblins
  A kobold (D:2)
  3 frilled lizards
  3 rats (D:1)
21 creatures vanquished.

Notes
Turn   | Place    | Note
-------+----------+-------------------------------------------
     0 | D:1      | dalore the Minotaur Berserker began the quest for the Orb.
     0 | D:1      | Reached XP level 1. HP: 19/19 MP: 0/0
   228 | D:1      | Reached XP level 2. HP: 27/27 MP: 1/1
   267 | D:1      | Reached skill level 4 in Maces & Flails
   561 | D:1      | Reached skill level 4 in Fighting
  1142 | D:2      | HP: 10/40 [poisoned by a kobold]
  1145 | D:2      | HP: 3/27 [poisoned by a kobold]
  1147 | D:2      | Gained mutation: Your mind is acute. (Int +2) [potion of mutation]
  1147 | D:2      | Gained mutation: You are weak. (Str -2) [potion of mutation]
  1147 | D:2      | Gained mutation: You passively map a small area around you. [potion of mutation]
  1147 | D:2      | Succumbed to a kobold's poison

Skill      XL: |  1  2 |
---------------+-------+-----
Maces & Flails | 4 |  4.1
Fighting       | 4 |  4.1
Armour         | |  2.7
Dodging        | |  2.5

Action                   || total
-------------------------++-------
Melee: Mace              ||    38
       Headbutt          ||     5
Invok: Berserk           ||     2
  Use: Potion            ||     1
 Stab: Sleeping          ||     1
  Eat: Chunk             ||     2
Armor: Animal skin       ||     3
Dodge: Dodged            ||    34

Vault maps used:
D:1:      lemuel_arrival_behind_the_door_small, feat_on_display
D:2:      kennysheep_the_goblin_king, kennysheep_generic_room_5
D:3:      grunt_gozag_breadcrumbs, gammafunk_temple_overflow_wave,
          marbit_many_paths, uniq_crazy_yiuf_cottage, uniq_jessica

Table legend:
 A = Turns spent in this place as a percentage of turns spent in the entire game.
 B = Non-inter-level travel turns spent in this place as a percentage of non-inter-level travel turns spent in the entire game.
 C = Inter-level travel turns spent in this place as a percentage of turns spent in this place.
 D = Turns resting spent in this place as a percentage of non-inter-level travel turns spent in this place.
 E = Turns spent auto-exploring this place as a percentage of non-inter-level travel turns spent in this place.
 F = Non-inter-level travel turns spent in this place divided by the number of levels of this place that you've seen.
                   A       B       C       D       E      F
               +-------+-------+-------+-------+-------+----------------------
         Total | 100.0 | 100.0 |   3.9 |   3.1 |  16.3 |  65.3
       Dungeon | 100.0 | 100.0 |   3.9 |   3.1 |  16.3 |  65.3
               +-------+-------+-------+-------+-------+----------------------

Table legend:
 A = Kills in this place as a percentage of kills in entire the game.
 B = Kills by you in this place as a percentage of kills by you in the entire game.
 C = Kills by friends in this place as a percentage of kills by friends in the entire game.
 D = Other kills in this place as a percentage of other kills in the entire game.
 E = Experience gained in this place as a percentage of experience gained in the entire game.
 F = Experience gained in this place divided by the number of levels of this place that you have seen.
                   A       B       C       D       E      F
               +-------+-------+-------+-------+-------+----------------------
         Total | 100.0 | 100.0 |  -nan |  -nan | 100.0 |  11.7
       Dungeon | 100.0 | 100.0 |  -nan |  -nan | 100.0 |  11.7
               +-------+-------+-------+-------+-------+----------------------
